 Dungeon Crawl Stone Soup version 0.29.0-11-gd7f09526c8 (webtiles) character file.

Game seed: 1878007419701014497

11498 Zeldest the Carver (level 11, 0/94 HPs)
             Began as a Green Draconian Monk on Sept 4, 2022.
             Was a High Priest of Zin.
             Killed from afar by Fannar (34 damage)
             ... with a bolt of cold
             ... on level 2 of the Lair of Beasts on Sept 5, 2022.
             The game lasted 00:21:47 (13808 turns).

Zeldest the Carver (Green Draconian Monk)          Turns: 13808, Time: 00:21:47

Health: 0/94       AC: 11    Str: 14    XL:     11   Next: 50%
Magic:  17/17      EV: 14    Int: 13    God:    Zin [*****.]
Gold:   508        SH: 11    Dex: 19    Spells: 10/10 levels left

rFire   . . .      SeeInvis .   C - +6 long sword (freeze)
rCold   . . .      Faith    .   h - +0 kite shield
rNeg    . . .      Spirit   .   (body armour unavailable)
rPois   +          Reflect  .   (helmet restricted)
rElec   .          Harm     +   (no cloak)
rCorr   +          Rampage  .   J - +2 pair of gloves "Xesch" {Harm Dex+4}
Will    .....                   I - +0 pair of boots
Stlth   ++........              A - amulet of regeneration
HPRegen 1.05/turn               B - ring of resist corrosion
MPRegen 0.15/turn               L - ring of wizardry

@: short of breath, slowed, very slow
A: breathe noxious fumes, AC +7, unfitting armour, poison resistance,
cold-blooded
a: Breathe Noxious Fumes, Renounce Religion, Recite, Vitalisation, Imprison,
Sanctuary, Donate Gold


You were on level 2 of the Lair of Beasts.
You worshipped Zin.
Zin was extremely pleased with you.
You visited 3 branches of the dungeon, and saw 12 of its levels.
You also visited: Bailey.

You collected 564 gold pieces.
You donated 56 gold pieces to Zin.

Inventory:

Hand Weapons
 C - a +6 long sword of freezing (weapon)
 D - a +2 flail of freezing
Armour
 h - a +0 kite shield (worn)
 I - a +0 pair of boots (worn)
 J - the +2 pair of gloves "Xesch" (worn) {Harm Dex+4}
   (You found it on level 6 of the Dungeon)

   Dex:       It affects your dexterity (+4).
   Harm:      It increases damage dealt and taken.
Magical Staves
 a - a staff of air
 O - a staff of poison
Jewellery
 k - a ring of ice
 A - an amulet of regeneration (around neck)
 B - a ring of resist corrosion (left hand)
 L - a ring of wizardry (right hand)
Wands
 q - a wand of paralysis (21)
 M - a wand of digging (5)
Scrolls
 c - 10 scrolls of identify {unknown}
 d - 3 scrolls of fear {unknown}
 e - 3 scrolls of magic mapping {unknown}
 f - 3 scrolls of amnesia {unknown}
 g - 2 scrolls of summoning {unknown}
 j - 10 scrolls of teleportation {unknown}
 m - a scroll of blinking {unknown}
 o - 2 scrolls of brand weapon {unknown}
 p - 3 scrolls of immolation {unknown}
 s - 3 scrolls of enchant armour {unknown}
 t - a scroll of enchant weapon {unknown}
 y - a scroll of poison {unknown}
 z - 3 scrolls of vulnerability {unknown}
 N - 3 scrolls of silence {unknown}
Potions
 b - 3 potions of curing
 i - 4 potions of flight {unknown}
 l - a potion of degeneration {unknown}
 n - 2 potions of brilliance
 r - 3 potions of invisibility {unknown}
 u - 8 potions of magic {unknown}
 v - 5 potions of mutation {unknown}
 w - a potion of might
 x - 2 potions of resistance {unknown}
 E - 3 potions of berserk rage {unknown}
 F - 2 potions of cancellation {unknown}
 G - 6 potions of heal wounds
 H - 4 potions of haste {unknown}
 K - a potion of attraction {unknown}


   Skills:
 - Level 7.8 Fighting
 + Level 11.3 Long Blades
 - Level 6.5 Dodging
 - Level 1.7 Stealth
 + Level 5.8 Shields
 + Level 7.0 Poison Magic
 + Level 9.0 Invocations


You had 10 spell levels left.
You didn't know any spells.
Your spell library contained the following spells:

 Spells                   Type           Power      Damage    Failure   Level
 Sting                    Tmut/Pois      36%        1d4       9%          1
 Poisonous Vapours        Pois/Air       18%        N/A       12%         2
 Olgreb's Toxic Radiance  Pois           18%        N/A       19%         4
 Spider Form              Tmut/Pois      9%         N/A       24%         3
 Ensorcelled Hibernation  Hex/Ice        0%         N/A       43%         2
 Ozocubu's Armour         Ice            0%         N/A       65%         3
 Portal Projectile        Hex/Tloc       0%         N/A       65%         3
 Tukima's Dance           Hex            0%         N/A       65%         3
 Anguish                  Hex/Necr       0%         N/A       96%         4
 Blade Hands              Tmut           0%         N/A       100%        5
 Metabolic Englaciation   Hex/Ice        0%         N/A       100%        5
 Simulacrum               Ice/Necr       0%         N/A       100%        6
 Ozocubu's Refrigeration  Ice            0%         4d7       100%        7


Dungeon Overview and Level Annotations

Branches:
Dungeon (9/15)             Temple (1/1) D:6            Lair (2/5) D:9
  Snake (0/4) Lair:2       Bailey (visited)
  Swamp: Lair:2-3    Shoals: Lair:2-3       Orc: D:9-12

Altars:
Ashenzari
Cheibriados
Dithmenos
Elyvilon
Fedhas
Gozag
Hepliaklqana
Kikubaaqudgha
Makhleb
Nemelex Xobeh
Okawaru
Qazlal
Ru
Sif Muna
Uskayaw
Vehumet
Wu Jian
Xom
Yredelemnul
Zin
The Shining One
Jiyva

Shops:
D:1 *   D:3 =

Annotations:
D:5 Edmund
D:8 3 runed translucent doors, Fractals's ghost, novice HuFi
Lair:1 3 runed translucent doors, dang3rdave's ghost, journeyman DjAr
Lair:2 Fannar


Innate Abilities, Weirdness & Mutations

You can breathe blasts of noxious fumes.
Your lurid green scales are hard. (AC +7)
You cannot fit into any form of body armour.
Your system is resistant to poisons. (rPois)
You are cold-blooded and may be slowed by cold attacks.


Message History

You exhale a blast of noxious fumes.
The blast of choking fumes hits the komodo dragon but does no damage.
The komodo dragon is moderately wounded.
The blast of choking fumes hits Fannar.
Fannar is lightly wounded.
Fannar is engulfed in noxious fumes.
The komodo dragon is engulfed in noxious fumes.
The komodo dragon appears confused.
The komodo dragon barely misses you.
You catch the helpless komodo dragon completely off-guard!
You hit the komodo dragon but do no damage.
The komodo dragon is moderately wounded.
Fannar is engulfed in noxious fumes.
Fannar appears confused.
You hit the komodo dragon. You freeze the komodo dragon.
The komodo dragon is heavily wounded.
The komodo dragon is engulfed in noxious fumes.
The komodo dragon bites you!
You strike the helpless komodo dragon from behind!
You slash the komodo dragon! You freeze the komodo dragon.
The komodo dragon is severely wounded.
The komodo dragon is engulfed in noxious fumes.
You block the komodo dragon's attack.
You strike the helpless komodo dragon from behind!
You hit the komodo dragon but do no damage.
You tail-slap the komodo dragon.
The komodo dragon is almost dead.
The komodo dragon is engulfed in noxious fumes.
The komodo dragon bites you!
Fannar hits the komodo dragon with a staff of cold.
Fannar freezes the komodo dragon.
The komodo dragon is killed!
Your Poison Magic skill increases to level 7!
You hit the ice beast.
You tail-slap the ice beast, but do no damage.
The ice beast is lightly wounded.
Fannar seems less confused.
The ice beast hits you. The ice beast freezes you!
You feel yourself slow down.
Fannar points at you and mumbles some strange words.
The bolt of cold hits the ice beast.
The ice beast completely resists.
The bolt of cold hits you!!
You die...

.....$..P#.##........#
............'....†...#
..........##.........#
........P####........#
........##
#.........## ......e.#
#..e.......# ......>.#
#P........## ........#
###†Y###### ........#
##.@.## #### .##.#.#.#
###..# ###.... ....###
#...# ##).)... .....
#...#######...#...
#####..#.P..N.N..# >.
#...........##...# .
#..<........####......
##.........## ###....
+.........# ####


You could see Fannar and an ice beast (summoned).

Vanquished Creatures
  A two-headed ogre (D:9)
  A tengu warrior (D:9)
  Joseph (D:7)
  A black mamba (Lair:2)
  6 elephants (Lair:1)
  2 cane toads (Lair:1)
  3 komodo dragons
  Grinder (D:4)
  A hornet (D:9)
  Sigmund (D:5)
  4 yaks (D:8)
  A steam dragon (D:7)
  3 nagas (Lair:2)
  4 water moccasins
  5 orc warriors
  2 ice beasts
  2 sky beasts (D:7)
  5 black bears
  5 ogres
  A centaur (D:6)
  5 kobold brigands
  2 bullfrogs
  A necrophage (D:4)
  4 scorpions
  9 wights
  2 electric eels (D:6)
  A howler monkey (D:9)
  4 hounds
  A gnoll bouda (D:5)
  6 orc priests
  3 iguanas
  10 orc wizards
  Ijyb (D:4)
  Natasha (D:2)
  18 gnolls
  7 adders
  A white imp (D:7)
  2 worms
  4 dart slugs
  42 orcs
  11 ball pythons
  10 endoplasms
  2 giant cockroaches (D:2)
  16 goblins
  9 hobgoblins
  9 jackals
  33 kobolds
  4 quokkas
  5 bats
  A frilled lizard (D:3)
  5 rats
279 creatures vanquished.

Vanquished Creatures (others)
  2 fungi
  12 plants
14 creatures vanquished.

Grand Total: 293 creatures vanquished

Notes
Turn   | Place    | Note
-------+----------+-------------------------------------------
     0 | D:1      | Zeldest the Draconian Monk began the quest for the Orb.
     0 | D:1      | Reached XP level 1. HP: 19/19 MP: 1/1
    48 | D:1      | Reached XP level 2. HP: 17/26 MP: 2/2
   539 | D:1      | Reached XP level 3. HP: 22/33 MP: 3/3
   749 | D:1      | Found Igowum's Assorted Antiques.
  1243 | D:2      | You fall into a shaft and drop 2 floors!
  1274 | D:4      | Reached skill level 4 in Long Blades
  1274 | D:4      | Reached XP level 4. HP: 10/40 MP: 4/4
  1595 | D:4      | Noticed a scorpion
  1606 | D:4      | Killed a scorpion
  1607 | D:4      | Reached XP level 5. HP: 4/47 MP: 5/5
  2148 | D:2      | Noticed Natasha
  2159 | D:2      | Killed Natasha
  2160 | D:2      | Reached skill level 5 in Long Blades
  2262 | D:2      | Found a faded altar of an unknown god.
  2597 | D:2      | Prayed at the altar of an unknown god.
  2597 | D:2      | Became a worshipper of Elyvilon the Healer
  2597 | D:2      | Reached * piety under Elyvilon
  2597 | D:2      | Reached ** piety under Elyvilon
  2658 | D:3      | Found a shimmering blue altar of Sif Muna.
  2667 | D:3      | Reached *** piety under Elyvilon
  2705 | D:3      | Found a blossoming altar of Fedhas.
  2829 | D:3      | Reached XP level 6. HP: 25/53 MP: 6/6
  3106 | D:3      | Found an ornate altar of the Wu Jian Council.
  3114 | D:3      | Reached skill level 1 in Invocations
  3181 | D:3      | Found Kinymn's Jewellery Shoppe.
  3581 | D:4      | Elyvilon protects you from harm!
  3582 | D:4      | HP: 1/53 [poisoned by an orc wizard]
  3837 | D:4      | Noticed Grinder
  3855 | D:4      | Reached skill level 5 in Fighting
  3871 | D:4      | Paralysed by Grinder for 5 turns
  3883 | D:4      | Paralysed by Grinder for 2 turns
  3896 | D:4      | Killed Grinder
  3897 | D:4      | Reached skill level 6 in Long Blades
  3897 | D:4      | Your scales start taking on a lurid green colour.
  3897 | D:4      | Reached XP level 7. HP: 19/61 MP: 8/8
  3897 | D:4      | Gained mutation: Your system is resistant to poisons.
                  | (rPois) [Green Draconian growth]
  4407 | D:4      | Reached **** piety under Elyvilon
  4516 | D:4      | Noticed Ijyb
  4519 | D:4      | Paralysed by Ijyb for 3 turns
  4541 | D:4      | Killed Ijyb
  4542 | D:4      | Reached XP level 8. HP: 66/70 MP: 10/10
  4787 | D:4      | Found a glowing silver altar of Zin.
  4788 | D:4      | Found a radiant altar of Vehumet.
  4789 | D:4      | Found a shimmering altar of Xom.
  4790 | D:4      | Found an ancient bone altar of Kikubaaqudgha.
  4946 | D:5      | Entered Level 5 of the Dungeon
  5025 | D:5      | Reached skill level 7 in Long Blades
  5215 | D:5      | Reached skill level 5 in Dodging
  5325 | D:5      | Found a sacrificial altar of Ru.
  6018 | D:5      | Noticed Edmund
  6597 | D:5      | Noticed Sigmund
  6613 | D:5      | Killed Sigmund
  6614 | D:5      | Reached skill level 8 in Long Blades
  6915 | D:6      | Reached XP level 9. HP: 29/78 MP: 12/12
  7225 | D:6      | Reached skill level 5 in Invocations
  7253 | D:6      | Found a staircase to the Ecumenical Temple.
  7282 | Temple   | Entered the Ecumenical Temple
  7447 | D:4      | Fell from the grace of Elyvilon
  7447 | D:4      | Became a worshipper of Zin the Law-Giver
  7447 | D:4      | Reached * piety under Zin
  7447 | D:4      | Reached ** piety under Zin
  7447 | D:4      | Reached *** piety under Zin
  7634 | D:6      | Identified the +2 pair of gloves "Xesch" {Harm Dex+4}
  8388 | D:7      | Reached skill level 9 in Long Blades
  9282 | D:7      | Noticed Joseph
  9308 | D:7      | Killed Joseph
  9927 | D:7      | Reached skill level 1 in Poison Magic
 10332 | D:8      | Reached **** piety under Zin
 10402 | D:8      | Reached skill level 1 in Shields
 10402 | D:8      | Reached XP level 10. HP: 83/87 MP: 14/14
 10531 | D:8      | Found a flagged portal.
 10562 | Bailey   | Entered a bailey
 10932 | D:8      | Reached skill level 10 in Long Blades
 11202 | D:8      | Found an iron altar of Okawaru.
 11275 | D:8      | Found a runed translucent gate.
 11275 | D:8      | Found a runed translucent gate.
 11275 | D:8      | Found a runed translucent gate.
 11277 | D:8      | Noticed Fractals's ghost (novice HuFi)
 11282 | D:8      | Found a viscous altar of Jiyva.
 11939 | D:9      | Noticed a tengu warrior
 11960 | D:9      | Killed a tengu warrior
 12068 | D:9      | Noticed a two-headed ogre
 12079 | D:9      | Killed a two-headed ogre
 12080 | D:9      | Reached skill level 5 in Poison Magic
 12098 | D:9      | Found a staircase to the Lair.
 12365 | D:9      | Found a stormy altar of Qazlal.
 12561 | Lair:1   | Entered Level 1 of the Lair of Beasts
 12583 | Lair:1   | Noticed a cane toad
 12586 | Lair:1   | Noticed a catoblepas
 12607 | Lair:1   | Killed a cane toad
 12608 | Lair:1   | Reached XP level 11. HP: 94/94 MP: 17/17
 12627 | Lair:1   | Reached ***** piety under Zin
 12654 | Lair:1   | Noticed dang3rdave's ghost (journeyman DjAr)
 13062 | Lair:1   | Reached skill level 11 in Long Blades
 13062 | Lair:1   | Reached skill level 5 in Shields
 13115 | Lair:1   | Found a runed translucent gate.
 13115 | Lair:1   | Found a runed translucent gate.
 13115 | Lair:1   | Found a runed translucent gate.
 13680 | Lair:2   | Found a staircase to the Snake Pit.
 13786 | Lair:2   | Noticed Fannar
 13808 | Lair:2   | Killed from afar by Fannar

Illustrated notes

Levels and vault maps discovered:
D:1:      dpeg_arrival_arbitrary_a, layout_basic, serial_shops,
          nicolae_shop_overgrown_old_shop, minmay_pentomino_v4
D:2:      layout_basic, chequers_ecumenical_altar_twisty, uniq_natasha
D:3:      layout_loops_corners, mainiacjoe_overflow_tiny_flanked,
          mainiacjoe_overflow_chevrons, nicolae_wu_jian_wuxing_cycle,
          serial_shops, nicolae_shop_crystal
D:4:      kennysheep_goblin_castle, layout_loops_ring,
          mainiacjoe_overflow_alcove_3, kennysheep_generic_room_13, uniq_grinder
D:5:      layout_cave_pods, nicolae_ru_awakened_eye,
          chequers_hall_statues_corner_a, sigmund_edmund_badplayer
D:6:      layout_basic, minmay_temple_entry_glassed_door,
          minmay_misc_feat_alley, minmay_misc_feat_nine_boxes,
          serial_bayou_lake_a
D:7:      layout_layer_cave, uniq_joseph
D:8:      layout_cave_pods, amcnicky_altar_gilded, enter_bailey_3,
          gammafunk_ghost_ooze
D:9:      layout_basic, nicolae_qazlal_eye_of_the_storm, david_lair_shrubbed
Temple:   hellmonk_temple_of_storms
Lair:1:   layout_cave_pods, gammafunk_ghost_icy
Lair:2:   layout_roguey, minmay_snake_entry_guardpost_medium, lemuel_fruit_tree,
          uniq_fannar

Skill      XL: |  1  2  3  4  5  6  7  8  9 10 11 |
---------------+----------------------------------+-----
Dodging        | 3 4 5 6 |  6.5
Long Blades    | 4 5 6 8 9 10 11 | 11.3
Fighting       | 4 5 6 7 |  7.8
Invocations    | 2 3 4 6 8 9 |  9.0
Poison Magic   | 1 5 7 |  7.0
Shields        | 1 4 5 |  5.8
Stealth        | |  1.7

Action                   |  1- 3 |  4- 6 |  7- 9 | 10-12 || total
-------------------------+-------+-------+-------+-------++-------
Melee: Falchion          |   101 |   183 |   443 |       ||   727
       Tailslap          |    12 |    18 |    97 |    38 ||   165
       Long sword        |       |       |    32 |   233 ||   265
Invok: Recite            |       |       |       |     2 ||     2
 Abil: Breathe Noxious F |       |       |    36 |    16 ||    52
Evoke: Wand              |       |     1 |       |    14 ||    15
  Use: Potion            |       |    10 |       |       ||    10
 Stab: Sleeping          |     7 |     3 |     5 |     8 ||    23
       Paralysed         |       |     1 |       |     3 ||     4
       Confused          |       |       |    20 |    13 ||    33
       Distracted        |       |       |     1 |       ||     1
Armor: Skin              |    19 |    89 |    95 |    72 ||   275
Dodge: Dodged            |    59 |    91 |   234 |   117 ||   501
Block: Kite shield       |    12 |    65 |   160 |   124 ||   361
